 Dungeon Crawl Stone Soup version 0.21-a0-531-gacddea6 (webtiles) character file.

85 Exaltedone87 the Chiller (level 4, -6/34 HPs)
             Began as a Draconian Ice Elementalist on Dec 13, 2017.
             Was an Initiate of Vehumet.
             Killed from afar by an orc wizard (11 damage)
             ... with a puff of flame
             ... on level 4 of the Dungeon.
             The game lasted 00:08:06 (2610 turns).

Exaltedone87 the Chiller (DrIE)                     Turns: 2610, Time: 00:08:06

Health: -6/34      AC:  5    Str: 15    XL:     4   Next: 25%
Magic:  0/8        EV: 12    Int: 16    God:    Vehumet [......]
Gold:   114        SH:  0    Dex: 11    Spells: 5/8 levels left

rFire    . . .     SeeInvis .   f - +0 spear
rCold    . . .     Gourm    .   (no shield)
rNeg     . . .     Faith    .   (armour unavailable)
rPois    .         Spirit   .   (helmet restricted)
rElec    .         Reflect  .   (no cloak)
rCorr    .         Harm     .   (no gloves)
MR       .....                  (no boots)
Stlth    ++........             (no amulet)
HPRegen  0.11/turn              c - +4 ring of strength
MPRegen  0.11/turn              (no ring)

@: very slightly contaminated
A: unfitting armour, cold-blooded, AC +5
a: Renounce Religion


You were on level 4 of the Dungeon.
You worshipped Vehumet.
Vehumet was noncommittal.
You were very hungry.

You visited 1 branch of the dungeon, and saw 4 of its levels.

You collected 114 gold pieces.

Inventory:

Hand Weapons
 f - a +0 spear (weapon)
Jewellery
 c - a +4 ring of strength (left hand)
 o - an uncursed amulet of guardian spirit
Wands
 n - a wand of paralysis (20)
Scrolls
 g - 3 scrolls of teleportation
 k - a scroll of random uselessness {unknown}
 l - a scroll of enchant armour
 p - a scroll of remove curse
 q - a scroll of fog {unknown}
Potions
 d - a potion of flight
 e - a potion of berserk rage
 h - 2 potions of haste
 j - a potion of mutation {unknown}
 m - a potion of curing
Books
 a - a book of Frost

   Spells                             Type                      Level
   a - Freeze                         Ice                          1
   b - Throw Frost                    Conjuration/Ice              2
   c - Ozocubu's Armour               Charms/Ice                   3
   d - Throw Icicle                   Conjuration/Ice              4
   e - Summon Ice Beast               Ice/Summoning                4
Comestibles
 b - 4 bread rations
 i - a meat ration


   Skills:
 + Level 0.9 Fighting
 + Level 2.2 Dodging
 + Level 2.3 Stealth
 * Level 2.9 Spellcasting
 + Level 1.4 Conjurations
 + Level 3.4 Ice Magic


You had 5 spell levels left.
You knew the following spells:

 Your Spells              Type           Power        Failure   Level  Hunger
a - Freeze                Ice            ##..         4%          1    #......
b - Throw Frost           Conj/Ice       ##....       11%         2    ##.....


Dungeon Overview and Level Annotations

Branches:
Dungeon (4/15)
 Temple: D:4-7

Altars:
Nemelex Xobeh
Vehumet


Innate Abilities, Weirdness & Mutations

Your plain brown scales are hard. (AC +5)
You cannot fit into any form of body armour.
You are cold-blooded and may be slowed by cold attacks.


Message History

You miscast Throw Frost.
You are very lightly contaminated with residual magic.
Sparks fly from your hands!
The orc wizard points at you and mumbles some strange words.
You resist with some effort.
Casting: Throw Frost
Confirm with . or Enter, or press ? or * to list all spells.
Aiming: Throw Frost
Press: ? - help, Shift-Dir - straight line, f/p - orc wizard
Aim: an orc wizard, wielding a dagger and wearing a robe (severely wounded)
The puff of frost hits the orc wizard.
The orc wizard is almost dead.
The orc wizard points at you and mumbles some strange words.
The puff of flame hits you!
The orc priest calls down the wrath of Beogh upon you.
Beogh smites you!
* * * LOW HITPOINT WARNING * * *
The orc wizard points at you and mumbles some strange words.
The puff of flame hits you!
You die...

#.##...##.#.#(....
#.###..........#
#.# #..##.######
#(# #.<##.# #.#
#..##.# #.#
#.###.# #.# #.#
#.# #.# #.. ...
#@# ### ..#
#.######..#
#.o..ooo..
########.#


You could see an orc wizard.

Vanquished Creatures
  2 adders (D:3)
  A howler monkey skeleton (D:4)
  2 oozes (D:2)
  A worm (D:2)
  2 dart slugs (D:1)
  A leopard gecko (D:3)
  2 giant cockroaches (D:2)
  4 hobgoblins
  A quokka (D:4)
  6 bats
  5 frilled lizards
  7 goblins
  3 kobolds
  9 rats
46 creatures vanquished.

Notes
Turn   | Place    | Note
-------+----------+-------------------------------------------
     0 | D:1      | Exaltedone87 the Draconian Ice Elementalist began the quest for the Orb.
     0 | D:1      | Reached XP level 1. HP: 14/14 MP: 3/3
   185 | D:1      | Reached XP level 2. HP: 16/20 MP: 3/5
   652 | D:2      | Learned a level 2 spell: Throw Frost
   760 | D:2      | Reached XP level 3. HP: 22/26 MP: 6/6
  1121 | D:2      | Found a sparkling altar of Nemelex Xobeh.
  1779 | D:3      | Found a radiant altar of Vehumet.
  1783 | D:3      | Became a worshipper of Vehumet
  1956 | D:3      | Found a faded altar of an unknown god.
  2037 | D:3      | Reached XP level 4. HP: 17/34 MP: 2/8
  2610 | D:4      | Killed from afar by an orc wizard

Vault maps used:
D:1:      evilmike_arrival_fibonacci_small, minmay_domino_2
D:2:      first_bread, kennysheep_nub, minmay_misc_feat_alley,
          nemelex_spade_bored_becter
D:3:      vehumet_crystals, chequers_ecumenical_altar_simple_redux
D:4:      minmay_temple_entry_metal_lava, nemelex_dance_club_becter

Skill      XL: |  1 |
---------------+----+-----
Dodging        | 2 |  2.2
Stealth        | 2 |  2.3
Fighting       | |  0.9
Spellcasting   | |  2.9
Conjurations   | |  1.4
Ice Magic      | |  3.4

Action                   |  1- 3 |  4- 6 || total
-------------------------+-------+-------++-------
Melee: Spear             |   111 |    14 ||   125
       Unarmed           |     2 |       ||     2
       Tailslap          |     6 |       ||     6
 Cast: Freeze            |    10 |       ||    10
       Throw Frost       |     8 |     5 ||    13
  Use: Scroll            |    14 |       ||    14
 Stab: Sleeping          |    10 |       ||    10
  Eat: Chunk             |     4 |     1 ||     5
Armor: Skin              |    26 |     5 ||    31
Dodge: Dodged            |    61 |     5 ||    66

Table legend:
 A = Spawn XP
 B = Non-spawn XP
 C = Spawn XP percentage of total XP
 D = Spawn monster count
 E = Non-spawn monster count
 F = Spawn count percentage of total count
 G = Total turns spent on level
                    A         B        C        D         E        F      G
               +---------+---------+-------+---------+---------+-------+---------
         Total |       0 |     122 |   0.0 |       0 |      46 |   0.0 |  2610
               +---------+---------+-------+---------+---------+-------+---------
           D:1 |       0 |      30 |   0.0 |       0 |      19 |   0.0 |   614
           D:2 |       0 |      42 |   0.0 |       0 |      17 |   0.0 |  1049
           D:3 |       0 |      35 |   0.0 |       0 |       8 |   0.0 |   762
           D:4 |       0 |      15 |   0.0 |       0 |       2 |   0.0 |   185
               +---------+---------+-------+---------+---------+-------+---------
